Map: [ESL] Blackburn

Players

Spirit

  • Race: Terran Terran

Rogue - Winner!

  • Race: Zerg Zerg

Event: IEM Katowice 2022

VOD

Have the link to the VOD?

Description

Time

  • Played on: Feb. 24, 2022, 9:44 a.m.
  • Length: 5:02

All games in this series

Show
View Real Time Build Order
Export as new Build Order

Spirit Terran 

Build Orders: Reaper Expand 

Get SALT Encoding   

  12  0:00  SCV  
  13  0:12  SCV  
  14  0:18  Supply Depot  
  14  0:24  SCV  
  15  0:39  SCV  
  15  0:41  Barracks  
  16  0:44  Refinery  
  16  0:51  SCV  
  17  1:03  SCV  
  18  1:16  SCV  
  19  1:29  Reaper, Orbital Command  
  20  1:40  Command Center  
  20  1:51  Supply Depot  
  20  1:55  SCV  
  20  2:01  Marine  
  22  2:07  SCV  
  23  2:14  Factory  
  23  2:18  Marine  
  23  2:21  SCV  
  25  2:33  SCV  
  26  2:37  Barracks Reactor  
  26  2:45  SCV  
  26  2:47  Command Center  
  27  2:54  Orbital Command  
  27  2:57  SCV  
  28  3:04  Starport  
  28  3:10  Refinery  
  29  3:12  SCV  
  29  3:21  Hellion  
  29  3:25  SCV, Hellion  
  29  3:26  SCV  
  35  3:32  Barracks Tech Lab  
  35  3:37  SCV  
  35  3:38  SCV  
  37  3:42  Hellion  
  37  3:47  Hellion  
  41  3:49  SCV  
  41  3:50  SCV  
  43  3:58  Banshee  
  43  4:01  SCV  
  43  4:02  SCV  
  48  4:05  Orbital Command  
  48  4:12  Supply Depot  
  48  4:13  SCV  
  48  4:14  SCV  
  50  4:21  Barracks Tech Lab  
  50  4:25  SCV  
  50  4:26  SCV  
  50  4:30  SCV  
  53  4:34  Barracks  
  53  4:36  Barracks  
  53  4:37  Supply Depot, SCV, Factory Reactor  
  54  4:38  SCV  
  54  4:42  SCV  
  59  4:48  Refinery  
  59  4:49  SCV  
Show
View Real Time Build Order
Export as new Build Order

Rogue Zerg - Winner!

Build Orders: Hatch First, Roach Nydus 

Get SALT Encoding   

  12  0:00  Drone  
  13  0:11  Overlord  
  13  0:16  Drone  
  14  0:30  Drone x2  
  16  0:47  Hatchery  
  15  0:50  Drone  
  15  0:54  Drone  
  17  0:57  Drone  
  18  1:09  Extractor  
  17  1:13  Spawning Pool  
  17  1:16  Drone  
  17  1:19  Drone  
  18  1:28  Drone  
  19  1:38  Drone  
  20  1:49  Drone  
  21  1:59  Queen x2  
  21  2:01  Zergling x4  
  27  2:10  Zergling x2  
  27  2:11  Overlord  
  28  2:31  Drone x2  
  28  2:34  Spore Crawler, Drone x2  
  32  2:39  Queen  
  32  2:43  Hatchery  
  33  2:51  Lair  
  33  2:53  Extractor  
  33  2:54  Drone  
  33  2:58  Drone  
  33  3:04  Overlord  
  34  3:07  Drone  
  34  3:08  Drone  
  36  3:22  Queen  
  36  3:23  Drone x2  
  36  3:24  Drone  
  41  3:27  Drone  
  41  3:31  Drone x2  
  44  3:38  Roach Warren  
  43  3:44  Overlord  
  43  3:53  Nydus Network  
  42  4:03  Overlord  
  42  4:13  Overlord  
  42  4:18  Roach x4  
  50  4:26  Roach x4  
  58  4:31  Nydus Canal  
  58  4:33  Roach x2  
  58  4:37  Roach  
  64  4:41  Roach  

Tags
 
Add a new tag
Caveats
  • Supply blocks, unpowered buildings, or Contaminate may cause inaccurate times.
  • Supply counts are checked every 10 seconds.